TL
ALBUQUERQUE DUKES @ MEMPHIS BLUES
07/30/1982
 
TOP OF THE 1ST
Albuquerque Dukes batting - Pitching for Memphis Blues : LHP Chris Reyes
Pitching: LHP Chris Reyes
Batting: RHB Kevin Harvey 0-0: Ball
1-0: Fly out, F6 (Line Drive, 6, EV 72.5 MPH)
Batting: RHB Steven Patterson 0-0: Fly out, F5 (Line Drive, 5, EV 70.6 MPH)
Batting: LHB Dave Yobs 0-0: Foul Ball, location: 2F
0-1: Foul Ball, location: 2F
0-2: Ball
1-2: SINGLE (Groundball, 34D, EV 102.5 MPH)
Batting: RHB George Foussianes 0-0: Called Strike
0-1: Ball
1-1: Foul Ball, location: 2F
1-2: DOUBLE (Line Drive, 89D, EV 111.9 MPH)
Dave Yobs to third
Runner from 3rd tries for Home, SAFE, throw by RF to trailing runner, OUT at third! 9-3-5
Top of the 1st over - 1 run, 2 hits, 0 errors, 0 left on base; Albuquerque 1 - Memphis 0
BOTTOM OF THE 1ST
Memphis Blues batting - Pitching for Albuquerque Dukes : RHP Ronald Luongo
Pitching: RHP Ronald Luongo
Batting: RHB Mariano Duncan 0-0: Ball
1-0: Fly out, F9 (Flyball, 9LM, EV 95.0 MPH)
Batting: RHB Dave Penniall 0-0: Called Strike
0-1: Ball
1-1: SINGLE (Flyball, 9LS, EV 90.6 MPH)
Batting: LHB David Christianson 0-0: Called Strike
0-1: Foul Ball, location: 2F
0-2: Ball
1-2: Ball
2-2: Grounds into double play, 4-6-3 (Groundball, 4, EV 84.4 MPH)
Bottom of the 1st over - 0 runs, 1 hit, 0 errors, 0 left on base; Albuquerque 1 - Memphis 0
TOP OF THE 2ND
Albuquerque Dukes batting - Pitching for Memphis Blues : LHP Chris Reyes
Batting: RHB James Oros 0-0: Called Strike
0-1: Ground out 6-3 (Groundball, 6, EV 81.9 MPH)
Batting: LHB Andres Romero 0-0: Foul Ball, location: 2F
0-1: Ball
1-1: Ball
2-1: Ball
3-1: Fly out, F9 (Line Drive, 9, EV 111.9 MPH)
Batting: RHB Michael Williams 0-0: Called Strike
0-1: Swinging Strike
0-2: Strikes out swinging
Top of the 2nd over - 0 runs, 0 hits, 0 errors, 0 left on base; Albuquerque 1 - Memphis 0
BOTTOM OF THE 2ND
Memphis Blues batting - Pitching for Albuquerque Dukes : RHP Ronald Luongo
Batting: RHB Chris James 0-0: Ball
1-0: Ground out 6-3 (Groundball, 6, EV 88.8 MPH)
Batting: RHB Randy Filkins 0-0: Called Strike
0-1: Ball
1-1: Foul Ball, location: 2F
1-2: Foul Ball, location: 2F
1-2: Foul Ball, location: 2F
1-2: Ball
2-2: Foul Ball, location: 2F
2-2: Foul Ball, location: 2F
2-2: Foul Ball, location: 2F
2-2: Foul Ball, location: 2F
2-2: Ball
3-2: DOUBLE (Flyball, 89XD, EV 100.6 MPH)
Batting: RHB Augustine Garrett 0-0: Called Strike
0-1: Ball
1-1: Called Strike
1-2: SINGLE (Line Drive, 89S, EV 98.8 MPH)
Randy Filkins to third
Runner from 3rd tries for Home, SAFE, throw by CF to home
Batting: LHB Don Jacoby 0-0: Swinging Strike
0-1: Ball
1-1: Foul Ball, location: 2F
1-2: Grounds into double play, 5-4-3 (Groundball, 56S, EV 87.5 MPH)
Bottom of the 2nd over - 1 run, 2 hits, 0 errors, 0 left on base; Albuquerque 1 - Memphis 1
TOP OF THE 3RD
Albuquerque Dukes batting - Pitching for Memphis Blues : LHP Chris Reyes
Batting: LHB John Elder 0-0: SINGLE (Groundball, 15S, EV 71.9 MPH) (infield hit)
Batting: LHB Matthew Henderson 0-0: SINGLE (Groundball, 34D, EV 95.6 MPH)
John Elder to second
Runner from 2nd tries for 3rd, SAFE, throw by RF made to third
Batting: RHB Kevin Harvey 0-0: Ball
1-0: Grounds into double play, 4-6-3 (Groundball, 4, EV 88.1 MPH)
John Elder scores
Batting: RHB Steven Patterson 0-0: Called Strike
0-1: Ball
1-1: Foul Ball, location: 2F
1-2: Ground out 1-3 (Groundball, 15S, EV 70.0 MPH)
Top of the 3rd over - 1 run, 2 hits, 0 errors, 0 left on base; Albuquerque 2 - Memphis 1
BOTTOM OF THE 3RD
Memphis Blues batting - Pitching for Albuquerque Dukes : RHP Ronald Luongo
Batting: RHB William Muth 0-0: Called Strike
0-1: SINGLE (Groundball, 6M, EV 103.8 MPH)
Batting: RHB Bradley Shames 0-0: Called Strike
0-1: Called Strike
0-2: Ball
1-2: Grounds into double play, 4-6-3 (Groundball, 4, EV 106.3 MPH)
Batting: RHB Mariano Duncan 0-0: Called Strike
0-1: Ball
1-1: Foul Ball, location: 2F
1-2: SINGLE (Line Drive, 8LS, EV 108.8 MPH)
Batting: RHB Dave Penniall 0-0: Ball
Mariano Duncan is caught stealing 2nd base 2-4
Bottom of the 3rd over - 0 runs, 2 hits, 0 errors, 0 left on base; Albuquerque 2 - Memphis 1
TOP OF THE 4TH
Albuquerque Dukes batting - Pitching for Memphis Blues : LHP Chris Reyes
Batting: LHB Dave Yobs 0-0: Ball
1-0: Swinging Strike
1-1: Ball
2-1: Ball
3-1: Ground out 5-3 (Groundball, 56, EV 90.6 MPH)
Batting: RHB George Foussianes 0-0: Ball
1-0: Called Strike
1-1: Ball
2-1: Swinging Strike
2-2: Ball
3-2: Foul Ball, location: 2F
3-2: Foul Ball, location: 2F
3-2: SINGLE (Groundball, 56D, EV 94.4 MPH)
Batting: RHB James Oros 0-0: Ball
1-0: Ball
2-0: Ball
3-0: Called Strike
3-1: Fly out, F8 (Flyball, 8LXD, EV 106.3 MPH)
Batting: LHB Andres Romero 0-0: Ball
1-0: Foul Ball, location: 2F
1-1: Ball
2-1: Foul Ball, location: 2F
2-2: Strikes out looking
Top of the 4th over - 0 runs, 1 hit, 0 errors, 1 left on base; Albuquerque 2 - Memphis 1
BOTTOM OF THE 4TH
Memphis Blues batting - Pitching for Albuquerque Dukes : RHP Ronald Luongo
Batting: RHB Dave Penniall 0-0: Ball
1-0: Ball
2-0: Fly out, F8 (Flyball, 8LD, EV 98.1 MPH)
Batting: LHB David Christianson 0-0: Foul Ball, location: 2F
0-1: SINGLE (Flyball, 6D, EV 83.1 MPH) - OUT at second base trying to stretch hit.
Batting: RHB Chris James 0-0: Called Strike
0-1: Ball
1-1: Ball
2-1: Foul Ball, location: 2F
2-2: Foul Ball, location: 2F
2-2: Fly out, F8 (Flyball, 8RM, EV 98.1 MPH)
Bottom of the 4th over - 0 runs, 1 hit, 0 errors, 0 left on base; Albuquerque 2 - Memphis 1
TOP OF THE 5TH
Albuquerque Dukes batting - Pitching for Memphis Blues : LHP Chris Reyes
Batting: RHB Michael Williams 0-0: Called Strike
0-1: Swinging Strike
0-2: Strikes out looking
Batting: LHB John Elder 0-0: Ball
1-0: Ball
2-0: Foul Ball, location: 2F
2-1: Ball
3-1: Base on Balls
Batting: LHB Matthew Henderson 0-0: Ball
1-0: Called Strike
1-1: Ball
2-1: Fly out, F8 (Flyball, 8LD, EV 101.9 MPH)
Batting: RHB Kevin Harvey 0-0: Ball
1-0: Foul Ball, location: 2F
1-1: Ball
2-1: Ball
3-1: Called Strike
3-2: Ground out 1-3 (Groundball, 13S, EV 68.8 MPH)
Top of the 5th over - 0 runs, 0 hits, 0 errors, 1 left on base; Albuquerque 2 - Memphis 1
BOTTOM OF THE 5TH
Memphis Blues batting - Pitching for Albuquerque Dukes : RHP Ronald Luongo
Batting: RHB Randy Filkins 0-0: Called Strike
0-1: Swinging Strike
0-2: Foul Ball, location: 2F
0-2: Foul Ball, location: 2F
0-2: Ball
1-2: Ground out 6-3 (Groundball, 6, EV 83.1 MPH)
Batting: RHB Augustine Garrett 0-0: Called Strike
0-1: Ball
1-1: Fly out, F8 (Flyball, 8RD, EV 91.3 MPH)
Batting: LHB Don Jacoby 0-0: Called Strike
0-1: Fly out, F7 (Line Drive, 7D, EV 99.4 MPH)
Bottom of the 5th over - 0 runs, 0 hits, 0 errors, 0 left on base; Albuquerque 2 - Memphis 1
TOP OF THE 6TH
Albuquerque Dukes batting - Pitching for Memphis Blues : LHP Chris Reyes
Batting: RHB Steven Patterson 0-0: SINGLE (Groundball, 6MD, EV 96.3 MPH)
Batting: LHB Dave Yobs 0-0: Ball
1-0: Ball
2-0: Ball
3-0: Base on Balls
Steven Patterson to second
Batting: RHB George Foussianes 0-0: Called Strike
0-1: Swinging Strike
0-2: Ball
1-2: Ball
2-2: Foul Ball, location: 2F
2-2: Ball
3-2: Foul Ball, location: 2F
3-2: Base on Balls
Steven Patterson to third
Dave Yobs to second
Batting: RHB James Oros 0-0: Called Strike
0-1: Fly out, F4 (Popup, 4, EV 68.1 MPH)
Batting: LHB Andres Romero 0-0: Ball
1-0: Grounds into fielders choice 6-2 (Groundball, 6S, EV 69.4 MPH)
Dave Yobs to third
George Foussianes to second
Batting: RHB Michael Williams 0-0: Ball
1-0: Ball
2-0: Ball
3-0: Base on Balls
Dave Yobs scores
George Foussianes to third
Andres Romero to second
Batting: LHB John Elder 0-0: Called Strike
0-1: Swinging Strike
0-2: Strikes out swinging
Top of the 6th over - 1 run, 1 hit, 0 errors, 3 left on base; Albuquerque 3 - Memphis 1
BOTTOM OF THE 6TH
Memphis Blues batting - Pitching for Albuquerque Dukes : RHP Ronald Luongo
Batting: RHB William Muth 0-0: Ball
1-0: Ball
2-0: Called Strike
2-1: Fly out, F7 (Flyball, 7LS, EV 86.3 MPH)
Batting: RHB Bradley Shames 0-0: Ball
1-0: Foul Ball, location: 2F
1-1: Foul Ball, location: 2F
1-2: Foul Ball, location: 2F
1-2: Ground out 6-3 (Groundball, 56, EV 104.4 MPH)
Batting: RHB Mariano Duncan 0-0: Called Strike
0-1: Swinging Strike
0-2: Strikes out swinging, 2-3 out at first.
Bottom of the 6th over - 0 runs, 0 hits, 0 errors, 0 left on base; Albuquerque 3 - Memphis 1
TOP OF THE 7TH
Albuquerque Dukes batting - Pitching for Memphis Blues : LHP Chris Reyes
Batting: LHB Matthew Henderson 0-0: Ball
1-0: Foul Ball, location: 2F
1-1: Foul Ball, location: 2F
1-2: Ball
2-2: Ball
3-2: Fly out, F7 (Flyball, 78M, EV 93.8 MPH)
Batting: RHB Kevin Harvey 0-0: Ground out 5-3 (Groundball, 56, EV 83.1 MPH)
Batting: RHB Steven Patterson 0-0: Ball
1-0: Called Strike
1-1: Ball
2-1: Fly out, F3 (Popup, 23F, EV 86.9 MPH)
Top of the 7th over - 0 runs, 0 hits, 0 errors, 0 left on base; Albuquerque 3 - Memphis 1
BOTTOM OF THE 7TH
Memphis Blues batting - Pitching for Albuquerque Dukes : RHP Ronald Luongo
Batting: RHB Dave Penniall 0-0: Called Strike
0-1: Foul Ball, location: 2F
0-2: Ball
1-2: Foul Ball, location: 2F
1-2: Ball
2-2: Strikes out swinging
Batting: LHB David Christianson 0-0: Foul Ball, location: 2F
0-1: Foul Ball, location: 2F
0-2: Ball
1-2: Strikes out swinging
Batting: RHB Chris James 0-0: Ball
1-0: Foul Ball, location: 2F
1-1: Called Strike
1-2: Foul Ball, location: 2F
1-2: Foul Ball, location: 2F
1-2: Foul Ball, location: 2F
1-2: Foul Ball, location: 2F
1-2: Ball
2-2: Reached on error, E6 (Groundball, 6M, EV 106.9 MPH)
Batting: RHB Randy Filkins 0-0: Swinging Strike
0-1: Ball
1-1: Ball
2-1: Ball
3-1: 2-RUN HOME RUN (Flyball, 78XD, EV 102.5 MPH), Distance : 417 ft
Batting: RHB Augustine Garrett 0-0: Fly out, F5 (Flyball, 5D, EV 78.8 MPH)
Bottom of the 7th over - 2 runs, 1 hit, 1 error, 0 left on base; Albuquerque 3 - Memphis 3
TOP OF THE 8TH
Albuquerque Dukes batting - Pitching for Memphis Blues : LHP Chris Reyes
Batting: LHB Dave Yobs 0-0: Swinging Strike
0-1: Ball
1-1: Ball
2-1: Ball
3-1: Base on Balls
Batting: RHB George Foussianes 0-0: Called Strike
0-1: Swinging Strike
0-2: Ball
1-2: Strikes out swinging
Batting: RHB James Oros 0-0: Ground out 5-3 (Groundball, 56, EV 86.3 MPH)
Dave Yobs to second
Batting: LHB Andres Romero 0-0: Ball
1-0: Ball
2-0: Fly out, F9 (Flyball, 9D, EV 88.8 MPH)
Top of the 8th over - 0 runs, 0 hits, 0 errors, 1 left on base; Albuquerque 3 - Memphis 3
BOTTOM OF THE 8TH
Memphis Blues batting - Pitching for Albuquerque Dukes : RHP Ronald Luongo
Batting: LHB Don Jacoby 0-0: Called Strike
0-1: Ball
1-1: Ball
2-1: SINGLE (Line Drive, 4MD, EV 109.4 MPH)
Batting: RHB William Muth 0-0: Called Strike
0-1: Fly out, F9 (Flyball, 89D, EV 108.1 MPH)
Batting: RHB Bradley Shames 0-0: Swinging Strike
0-1: Swinging Strike
0-2: Strikes out swinging
Batting: RHB Mariano Duncan 0-0: Swinging Strike
0-1: Called Strike
0-2: Foul Ball, location: 2F
0-2: Foul Ball, location: 2F
0-2: Ball
1-2: Foul Ball, location: 2F
1-2: Ball
2-2: Ball
3-2: Fly out, F9 (Flyball, 9LS, EV 83.8 MPH)
Bottom of the 8th over - 0 runs, 1 hit, 0 errors, 1 left on base; Albuquerque 3 - Memphis 3
TOP OF THE 9TH
Albuquerque Dukes batting - Pitching for Memphis Blues : LHP Chris Reyes
Pitching: RHP Anthony Threatt
Pinch Hitting: LHB Elwood Holland 0-0: Called Strike
0-1: Ground out 6-3 (Groundball, 6M, EV 99.4 MPH)
Batting: LHB John Elder 0-0: Ball
1-0: Fly out, F9 (Flyball, 9, EV 81.9 MPH)
Batting: LHB Matthew Henderson 0-0: Ball
1-0: Ball
2-0: Called Strike
2-1: Foul Ball, location: 2F
2-2: Ball
3-2: Strikes out looking
Top of the 9th over - 0 runs, 0 hits, 0 errors, 0 left on base; Albuquerque 3 - Memphis 3
BOTTOM OF THE 9TH
Memphis Blues batting - Pitching for Albuquerque Dukes : RHP Ronald Luongo
Now at C: Mark Maher
Batting: RHB Dave Penniall 0-0: Called Strike
0-1: Foul Ball, location: 2F
0-2: Ball
1-2: Foul Ball, location: 2F
1-2: Ball
2-2: Foul Ball, location: 2F
2-2: Foul Ball, location: 2F
2-2: Strikes out swinging
Batting: LHB David Christianson 0-0: Ground out 4-3 (Groundball, 4, EV 98.1 MPH)
Batting: RHB Chris James 0-0: Called Strike
0-1: Foul Ball, location: 2F
0-2: Foul Ball, location: 2F
0-2: SOLO HOME RUN (Flyball, 7D, EV 99.4 MPH), Distance : 353 ft
Bottom of the 9th over - 1 run, 1 hit, 0 errors, 0 left on base; Albuquerque 3 - Memphis 4
Wednesday, August 19th, 2020 - OOTP Baseball 21.5 Build 76